 Dungeon Crawl Stone Soup version 0.28.0-62-gf88900778d (webtiles) character file.

Game seed: 2940358670605808227

107 cbfl8 the Skirmisher (level 4, 0/35 HPs)
             Began as a Demonspawn Fighter on Sept 3, 2023.
             Slain by a kobold brigand
             ... wielding a +0 whip
              (9 damage)
             ... on level 3 of the Dungeon.
             The game lasted 00:02:01 (2405 turns).

cbfl8 the Skirmisher (Demonspawn Fighter)           Turns: 2405, Time: 00:02:02

Health: 0/35       AC:  8    Str: 17    XL:     4   Next: 57%
Magic:  4/4        EV:  9    Int:  9    God:
Gold:   107        SH:  5    Dex: 14    Spells: 3/3 levels left

rFire   . . .      SeeInvis .   a - +0 war axe
rCold   . . .      Faith    .   c - +0 buckler
rNeg    . . .      Spirit   .   b - +0 scale mail
rPois   .          Reflect  .   (no helmet)
rElec   .          Harm     .   (no cloak)
rCorr   .          Rampage  .   (no gloves)
Will    .....                   j - +0 pair of boots
Stlth   ..........              (no amulet)
HPRegen 0.11/turn               (no ring)
MPRegen 0.18/turn               (no ring)

@: no status effects
A: hooves 1, magic regeneration
a: no special abilities


You were on level 3 of the Dungeon.
You visited 1 branch of the dungeon, and saw 3 of its levels.

You collected 107 gold pieces.

Inventory:

Hand Weapons
 a - a +0 war axe (weapon)
Armour
 b - a +0 scale mail (worn)
 c - a +0 buckler (worn)
 j - a +0 pair of boots (worn)
Scrolls
 e - a scroll of fog {unknown}
 f - 2 scrolls of identify {unknown}
 g - a scroll of immolation {unknown}
 i - a scroll of enchant weapon {unknown}
Potions
 d - 3 potions of might
 h - a potion of degeneration {unknown}
 k - a potion of resistance {unknown}
 l - a potion of magic {unknown}


   Skills:
 + Level 3.4 Fighting
 + Level 3.0 Axes
 + Level 3.2 Armour
 + Level 3.0 Shields
 * Level 1.5 Evocations


You had 3 spell levels left.
You didn't know any spells.
Your spell library contained the following spells:

 Spells                   Type           Power      Damage    Failure   Level
 Magic Dart               Conj           0%         1d3       87%         1
 Searing Ray              Conj           0%         2d4       95%         2
 Fulminant Prism          Conj/Hex       0%         3d6       100%        4
 Summon Forest            Summ/Tloc      0%         N/A       100%        5
 Eringya's Noxious Bog    Tmut/Pois      0%         N/A       100%        6
 Summon Hydra             Summ           0%         N/A       100%        7


Dungeon Overview and Level Annotations

Branches:
Dungeon (3/15)

Altars:
Ashenzari
Xom
Yredelemnul


Innate Abilities, Weirdness & Mutations

You have large cloven feet.
You regenerate magic rapidly.


Message History

You slash the kobold brigand!
The kobold brigand is heavily wounded.
The kobold brigand barely misses you.
You hit the kobold brigand.
The kobold brigand is severely wounded.
The kobold brigand hits you with a +0 whip.
You closely miss the kobold brigand.
The kobold brigand is severely wounded.
The kobold brigand hits you but does no damage.
The kobold brigand hits you with a +0 whip.
You closely miss the kobold brigand.
The kobold brigand is severely wounded.
You block the kobold brigand's attack.
You hit the kobold brigand.
The kobold brigand is almost dead.
The kobold brigand hits you with a +0 whip.
You miss the kobold brigand.
The kobold brigand is almost dead.
The kobold brigand hits you with a +0 whip. x2
You are too injured to fight recklessly!
You are too injured to fight recklessly!
You are too injured to fight recklessly!
You hit the kobold brigand.
The kobold brigand is almost dead.
The kobold brigand barely misses you.
You miss the kobold brigand.
The kobold brigand is almost dead.
The kobold brigand hits you with a +0 whip. x2
* * * LOW HITPOINT WARNING * * *
You closely miss the kobold brigand.
The kobold brigand is almost dead.
The kobold brigand barely misses you.
You hit the kobold brigand.
The kobold brigand is almost dead.
You block the kobold brigand's attack.
You completely miss the kobold brigand.
The kobold brigand is almost dead.
You block the kobold brigand's attack.
The kobold brigand hits you with a +0 whip!
You die...

#.... .. ####. .. #.
#.# #. #.. # #. #..
##. ##. #.. ... ##..
#K###.# ##... #.@...#
####....
###.########.......
######.......##.##....
#...............###...
#.########...##.......
##.###.#####. #.##..##
#. #..†...# #.
#.##.#.####.


You could see a kobold brigand.

Vanquished Creatures
  An orc priest (D:3)
  A gnoll (D:1)
  2 dart slugs (D:1)
  2 orcs (D:3)
  7 bats
  9 endoplasms
  2 giant cockroaches
  6 goblins
  3 hobgoblins (D:2)
  6 jackals
  3 kobolds
  3 quokkas
  6 ball pythons
  6 rats
57 creatures vanquished.

Notes
Turn   | Place    | Note
-------+----------+-------------------------------------------
     0 | D:1      | cbfl8 the Demonspawn Fighter began the quest for the Orb.
     0 | D:1      | Reached XP level 1. HP: 18/18 MP: 1/1
   245 | D:1      | Gained mutation: You have large cloven feet. [demonic
                  | ancestry]
   245 | D:1      | Reached XP level 2. HP: 24/24 MP: 2/2
   541 | D:1      | Reached skill level 1 in Evocations
   563 | D:1      | Gained mutation: You regenerate magic rapidly. [demonic
                  | ancestry]
   563 | D:1      | Reached XP level 3. HP: 18/29 MP: 3/3
  1458 | D:2      | Found a basalt altar of Yredelemnul.
  1686 | D:2      | Found a faded altar of an unknown god.
  1902 | D:3      | Found a shimmering altar of Xom.
  1952 | D:3      | Found a broken altar of Ashenzari.
  2066 | D:3      | Reached XP level 4. HP: 35/35 MP: 4/4
  2391 | D:3      | Noticed a kobold brigand
  2405 | D:3      | Slain by a kobold brigand

Illustrated notes

Levels and vault maps discovered:
D:1:      minmay_arrival_doors, layout_loops_corners, serial_forest,
          infiniplex_forest_lined_room_2, infiniplex_forest_clump_long,
          infiniplex_forest_lined_corner, infiniplex_forest_straight_3,
          infiniplex_forest_fountain, minmay_misc_feat_doors, dk_noncrumbling_4
D:2:      layout_basic, chequers_ecumenical_altar_island, basic_altar
D:3:      layout_loops_ring, old_standard_altar, amcnicky_altar_gilded

Skill      XL: |  1  2  3  4 |
---------------+-------------+-----
Axes           | 2 3 |  3.0
Evocations     | 1 |  1.5
Armour         | 3 |  3.2
Shields        | 3 |  3.0
Fighting       | |  3.4

Action                   |  1- 3 |  4- 6 || total
-------------------------+-------+-------++-------
Melee: War axe           |    99 |    42 ||   141
       Kick              |    12 |       ||    12
Armor: Scale mail        |    64 |    12 ||    76
Dodge: Dodged            |    38 |    20 ||    58
Block: Buckler           |    21 |    11 ||    32
